AoeStats
← Abraham The Dead

Fortress

509715926Analyzed
2v2 RM · 6d ago on Sep 27, 2026· 45m 28s· 4 players
Game mode
Random Map
Map size
Normal (6 player)
Population
200
Speed
Normal
Resources
Standard
Victory
Conquest
Starting age
Dark Age
Ending age
Imperial Age
RankedLock teamsTeams togetherTeam positionsShared explorationLock speedFull tech treeHidden civsTurbo modeCheats
Victory
Defeat
🇹🇷 Cumans · Türkiye
1212
+9
🇹🇷 Teutons · Türkiye
845
+57
🇫🇷 Portuguese · France
1052
-17
🇫🇷 Burgundians · France
1023
-16
Abraham The Dead
4:22 Loom
6:29 Feudal Age
7:08 Double-Bit Axe
7:07 Horse Collar
17:34 Castle Age
17:04 Stone Mining
17:28 Bloodlines
17:27 Scale Barding Armor
17:30 Gold Mining
18:28 Bow Saw
18:20 Heavy Plow
18:28 Steppe Husbandry
18:20 Fletching
22:46 Imperial Age
21:05 Bodkin Arrow
23:38 Wheelbarrow
23:10 Padded Archer Armor
23:56 Conscription
24:25 Leather Archer Armor
25:50 Gold Shaft Mining
26:28 Ballistics
27:08 Chemistry
27:34 Elite Kipchak
29:44 Ring Archer Armor
28:42 Cavalier
31:47 Steppe Husbandry
32:19 Paladin
34:22 Chain Barding Armor
35:11 Hand Cart
35:59 Plate Barding Armor
35:34 Forging
38:13 Iron Casting
41:21 Town Watch
46:11 Blast Furnace
ronikox
10:34 Feudal Age
12:02 Double-Bit Axe
16:06 Castle Age
15:28 Scale Mail Armor
15:39 Forging
15:29 Stone Mining
15:32 Gold Mining
15:27 Horse Collar
19:06 Chain Mail Armor
20:27 Iron Casting
21:45 Bow Saw
21:52 Squires
24:27 Stone Shaft Mining
25:37 Wheelbarrow
27:30 Scale Barding Armor
30:05 Chain Barding Armor
32:35 Imperial Age
33:10 Hand Cart
33:07 Cavalier
33:45 Elite Teutonic Knight
40:20 Arson
41:42 Blast Furnace
41:13 Plate Mail Armor
Archtoumtec
7:52 Feudal Age
6:48 Loom
12:34 Castle Age
10:28 Double-Bit Axe
10:26 Horse Collar
14:43 Bow Saw
17:06 Heavy Plow
20:34 Gold Mining
22:03 Wheelbarrow
25:09 Imperial Age
22:28 Town Watch
23:45 Crossbowman
24:46 Pikeman
25:36 Thumb Ring
27:35 Chemistry
26:56 Ballistics
26:23 Arbalester
29:35 Siege Engineers
31:21 Conscription
35:33 Caravan
37:37 Elite Organ Gun
38:40 Fletching
38:51 Padded Archer Armor
38:58 Scale Barding Armor
39:04 Forging
39:15 Hand Cart
38:50 Halberdier
40:00 Arson
40:01 Gambesons
Mr C
8:02 Feudal Age
7:55 Double-Bit Axe
13:18 Castle Age
13:14 Loom
14:51 Bow Saw
14:25 Horse Collar
16:23 Two-Man Saw
15:44 Heavy Plow
20:07 Wheelbarrow
22:46 Gold Mining
24:00 Hand Cart
26:34 Imperial Age
24:51 Scale Barding Armor
24:46 Scale Mail Armor
24:59 Forging
24:45 Treadmill Crane
25:22 Cavalier
26:02 Husbandry
30:08 Scale Mail Armor
32:44 Gold Shaft Mining
32:42 Paladin
35:11 Iron Casting
34:57 Chain Barding Armor
35:48 Ballistics
35:34 Caravan
37:27 Plate Barding Armor
39:10 Chemistry
39:42 Blast Furnace
44:56 Light Cavalry
Connection lost

Rejoining the realm…

Still unreachable

The connection could not be restored.

Session expired

The server has moved on; the page needs a fresh start.